 Dungeon Crawl Stone Soup version 0.31.0-9-g3a7656b989 (webtiles) character file.

Game seed: 832003235030712000

110 qw the Skirmisher (level 4, -3/25 HPs)
             Began as a Deep Elf Hunter on Feb 2, 2024.
             Slain by a gnoll
             ... wielding a +0 flail
              (5 damage)
             ... on level 3 of the Dungeon.
             The game lasted 00:00:05 (1627 turns).

qw the Skirmisher (Deep Elf Hunter)                 Turns: 1627, Time: 00:00:06

Health: -3/25      AC: 10    Str: 10    XL:     4   Next: 61%
Magic:  6/6        EV: 11    Int: 14    God:
Gold:   134        SH:  0    Dex: 18    Spells: 3/3 levels left

rFire   + . .        a - +0 shortbow
rCold   . . .        (shield currently unavailable)
rNeg    . . .        j - +3 ring mail of Exclusion {rPois rF+}
rPois   +            (no helmet)
rElec   .            (no cloak)
rCorr   .            d - +1 pair of gloves
SInv    .            (no boots)
Will    .....        (no amulet)
Stlth   ++           (no ring)
HPRegen 0.24/turn    (no ring)
MPRegen 0.10/turn

%: no passive effects
@: about to teleport
A: camouflage 1, MP-powered wands
a: no special abilities


You were on level 3 of the Dungeon.
You visited 1 branch of the dungeon, and saw 3 of its levels.

You collected 134 gold pieces.


Innate Abilities, Weirdness & Mutations

Your skin changes colour to match your surroundings (Stealth+).
You expend magic power (3 MP) to strengthen your wands.


   Skills:
 - Level 1.5 Fighting
 + Level 8.0 Ranged Weapons
 - Level 2.4 Dodging
 - Level 1.2 Stealth


You had 3 spell levels left.
You didn't know any spells.
Your spell library was empty.

Inventory:

Hand Weapons
 a - a +0 shortbow (weapon)
Armour
 d - a +1 pair of gloves (worn)
 j - the +3 ring mail of Exclusion (worn) {rPois rF+}
   (You found it on level 2 of the Dungeon)

   rF+:       It protects you from fire.
   rPois:     It protects you from poison
Potions
 b - a potion of mutation
 f - 3 potions of curing
 g - a potion of resistance {unknown}
 h - a potion of attraction {unknown}

Dungeon Overview and Level Annotations

Branches:
Dungeon (3/15)

Altars:

Shops:
D:1 :


Message History

The gnoll is moderately wounded.
You shoot an arrow. The arrow hits the gnoll.
The gnoll is severely wounded.
You shoot an arrow. The arrow barely misses the gnoll.
A gnoll comes into view. It is wielding a +0 flail.
You shoot an arrow. The arrow hits the gnoll.
The gnoll is severely wounded.
You shoot an arrow. The arrow hits the gnoll.
The gnoll is almost dead.
The gnoll shouts!
You hear a shout!
The gnoll hits you but does no damage.
You shoot an arrow. The arrow hits the gnoll.
You kill the gnoll!
A gnoll comes into view. It is wielding a +0 whip.
Your Ranged Weapons skill increases to level 8!
You shoot an arrow. The arrow hits the gnoll.
The gnoll is lightly wounded.
You shoot an arrow. The arrow hits the gnoll.
The gnoll is heavily wounded.
You shoot an arrow. The arrow barely misses the gnoll.
You shoot an arrow.
The arrow hits the gnoll but does no damage.
The gnoll is heavily wounded.
The gnoll hits you with a +0 flail!
You shoot an arrow.
The arrow hits the gnoll but does no damage.
The gnoll is heavily wounded.
You shoot an arrow. The arrow barely misses the gnoll.
The gnoll barely misses you.
You shoot an arrow. The arrow hits the gnoll.
The gnoll is severely wounded.
The gnoll hits you with a +0 whip. The gnoll hits you with a +0 flail.
The gnoll hits you but does no damage. The gnoll hits you with a +0 whip.
You shoot an arrow. The arrow barely misses the gnoll.
The gnoll misses you. The gnoll hits you with a +0 whip!
1627 ||| READING scroll of teleportation.
As you read the scroll of teleportation, it crumbles to dust.
You feel strangely unstable. The gnoll hits you but does no damage.
The gnoll hits you with a +0 flail.
You die...

....###..# #........
##........ .##
.......... ...
#......# #. #..
#......# ..
###...###......####.#
......g@#.........#.#
...####g...##))##...##
###..##.)###...#
##...#...#.#..#
#.#.#.#...# ..
#.#...###.# .#
#.##......## .
#.####.....###. #.#
#..#......


You could see 2 gnolls.

Vanquished Creatures
  Jessica (D:3)
  A gnoll (D:3)
  2 adders (D:2)
  2 dart slugs
  3 orcs (D:3)
  7 bats
  5 endoplasms
  A giant cockroach (D:2)
  5 goblins
  3 hobgoblins
  2 jackals (D:2)
  6 kobolds
  3 quokkas
  A ball python (D:1)
  4 frilled lizards (D:2)
  2 rats
48 creatures vanquished.

Notes
Turn   | Place    | Note
-------+----------+-------------------------------------------
     0 | D:1      | qw the Deep Elf Hunter began the quest for the Orb.
     0 | D:1      | Reached XP level 1. HP: 12/12 MP: 3/3
     0 | D:1      | 0 ||| qw: Version: 0.3-a-155-g5e7d8dd
     0 | D:1      | 0 ||| qw: Game counter: 839
     0 | D:1      | 0 ||| qw: Melee chars always use a shield: true
     0 | D:1      | 0 ||| qw: God list: Okawaru
     0 | D:1      | 0 ||| qw: Allow faded altars: false
     0 | D:1      | 0 ||| qw: Do Orc after clearing Dungeon:15 true
     0 | D:1      | 0 ||| qw: Do second Lair branch before Depths: true
     0 | D:1      | 0 ||| qw: Lair rune preference: random
     0 | D:1      | 0 ||| qw: Goals: Normal
     0 | D:1      | 0 ||| PLANNING D:1-11
   205 | D:1      | Reached XP level 2. HP: 15/16 MP: 4/4
   238 | D:1      | Reached skill level 6 in Ranged Weapons
   372 | D:1      | Found Jisy's Book Shoppe.
   594 | D:1      | 594 ||| UPGRADING to +0 pair of gloves.
   599 | D:1      | 599 ||| READING scroll labelled UGAGAUXACI.
   604 | D:1      | 604 ||| READING scroll labelled YTAMYV KIZEIRPH.
   705 | D:1      | 705 ||| READING scroll labelled JYINKO GEZIELLEDGH.
   706 | D:1      | 706 ||| DROPPING scroll of butterflies.
   755 | D:2      | Reached XP level 3. HP: 20/20 MP: 5/5
   895 | D:2      | Reached skill level 7 in Ranged Weapons
   922 | D:2      | Identified the +3 ring mail of Exclusion {rPois rF+}
  1369 | D:2      | 1369 ||| UPGRADING to +3 ring mail of Exclusion {rPois
                  | rF+}.
  1379 | D:2      | 1379 ||| DROPPING +0 leather armour.
  1380 | D:2      | 1380 ||| READING scroll labelled VEEK IRUUGOSH.
  1380 | D:2      | 1380 ||| ENCHANTING +0 pair of gloves.
  1381 | D:2      | 1381 ||| READING scroll labelled TITHYA WOUKU.
  1382 | D:2      | 1382 ||| READING scroll labelled VALAUSME RUOFE.
  1383 | D:2      | 1383 ||| READING scroll labelled ZILORH BAYSTRUKH.
  1384 | D:2      | 1384 ||| DRINKING 3 sedimented red potions.
  1384 | D:2      | Gained mutation: You do not regenerate when monsters are
                  | visible. [potion of mutation]
  1384 | D:2      | Gained mutation: Your magical capacity is low. (-10% MP)
                  | [potion of mutation]
  1385 | D:2      | 1385 ||| DRINKING 2 potions of mutation.
  1385 | D:2      | Lost mutation: You do not regenerate when monsters are
                  | visible. [potion of mutation]
  1385 | D:2      | Lost mutation: Your magical capacity is low. (-10% MP)
                  | [potion of mutation]
  1385 | D:2      | Gained mutation: You expend magic power (3 MP) to
                  | strengthen your wands. [potion of mutation]
  1385 | D:2      | Gained mutation: Your skin changes colour to match your
                  | surroundings (Stealth+). [potion of mutation]
  1397 | D:2      | 1397 ||| DRINKING 4 dark potions.
  1432 | D:3      | 1432 ||| STAIRDANCE
  1436 | D:3      | 1436 ||| STAIRDANCE
  1454 | D:3      | 1454 ||| STAIRDANCE
  1504 | D:3      | Noticed Jessica
  1512 | D:3      | Killed Jessica
  1513 | D:3      | Reached XP level 4. HP: 25/25 MP: 6/6
  1619 | D:3      | Reached skill level 8 in Ranged Weapons
  1626 | D:3      | HP: 2/25 [gnoll/+0 whip (7)]
  1627 | D:3      | 1627 ||| READING scroll of teleportation.
  1627 | D:3      | Slain by a gnoll

Levels and vault maps discovered:
D:1:      shiori_arrival_oz, layout_basic, serial_shops, shop_fountains
D:2:      layout_loops_ring
D:3:      layout_rooms, nicolae_overflow_hidden_temple, st_stairs_8,
          minmay_joined_circles, uniq_grinder, uniq_jessica

Skill      XL: |  1  2  3  4 |
---------------+-------------+-----
Ranged Weapons | 6 7 8 |  8.0
Fighting       | |  1.5
Dodging        | |  2.4
Stealth        | |  1.2

Action                     |  1- 3 |  4- 6 || total
---------------------------+-------+-------++-------
   Fire: Shortbow          |    97 |    42 ||   139
    Use: Scroll            |     7 |     1 ||     8
         Potion            |     3 |       ||     3
 Armour: Leather armour    |    13 |       ||    13
         Ring mail         |    15 |    19 ||    34
  Dodge: Dodged            |    37 |    13 ||    50

Table legend:
 A = Non-vault XP
 B = Vault XP
 C = Vault XP percentage of total XP
 D = Non-vault monster count
 E = Vault monster count
 F = Vault count percentage of total count
                 A         B        C        D         E       F
            +---------+---------+-------+---------+---------+-------
      Total |     117 |      41 |  25.9 |      45 |       3 |   6.2
            +---------+---------+-------+---------+---------+-------
        D:1 |      31 |       4 |  11.4 |      17 |       2 |  10.5
        D:2 |      53 |       0 |   0.0 |      18 |       0 |   0.0
        D:3 |      33 |      37 |  52.9 |      10 |       1 |   9.1
            +---------+---------+-------+---------+---------+-------
